 Dungeon Crawl Stone Soup version 0.25-a0-516-g7d600cd9ad (webtiles) character file.

Game seed: 13271573043997410744, levelgen mode: deterministic

7123 Eurus the Thaumaturge (level 10, -4/79 HPs)
             Began as a Mummy Conjurer on Feb 17, 2020.
             Was an Elder of Ashenzari.
             Slain by a troll (11 damage)
             ... on level 9 of the Dungeon.
             The game lasted 00:31:17 (11613 turns).

Eurus the Thaumaturge (Mummy Conjurer)             Turns: 11613, Time: 00:31:18

Health: -4/79      AC:  8    Str: 12    XL:     10   Next: 85%
Magic:  21/33      EV: 12    Int: 17    God:    Ashenzari [****..]
Gold:   628        SH:  0    Dex: 13    Spells: 22/29 levels left

rFire    x . .     SeeInvis +   c - +4 dagger (venom) (curse)
rCold    + + .     Gourm    .   (no shield)
rNeg     + + +     Faith    .   n - +2 leather armour {rC+} (curse)
rPois    ∞         Spirit   .   (no helmet)
rElec    .         Reflect  .   b - +0 cloak
rCorr    .         Harm     .   t - +0 pair of gloves
MR       +....     Clarity  +   (no boots)
Stlth    ++........             q - amulet of regeneration (curse)
HPRegen  0.63/turn              l - ring of magical power (curse)
MPRegen  0.23/turn              o - +3 ring of slaying

@: about to teleport, studying Armour
A: no food or potions, fire vulnerability, cold resistance 1, negative energy
resistance 3, torment resistance, unbreathing
a: Curse Item, Scrying, Renounce Religion


You were on level 9 of the Dungeon.
You worshipped Ashenzari.
Ashenzari was greatly pleased with you.
You were not hungry.

You visited 2 branches of the dungeon, and saw 11 of its levels.

You collected 628 gold pieces.

Inventory:

Hand Weapons
 c - a cursed +4 dagger of venom (weapon)
Armour
 a - a +0 leather armour of fire resistance
 b - a +0 cloak (worn)
 m - a +1 robe of positive energy
 n - a cursed +2 leather armour of cold resistance (worn)
 t - a +0 pair of gloves (worn)
 z - a +0 kite shield
Magical Staves
 v - an uncursed staff of energy
Jewellery
 f - an uncursed ring of resist corrosion
 l - a cursed ring of magical power (left hand)
 o - a +3 ring of slaying (right hand)
 q - a cursed amulet of regeneration (around neck)
 r - an uncursed ring of fire
Wands
 p - a wand of enslavement (9)
 w - a wand of flame (16)
 x - a wand of scattershot (3)
 A - a wand of iceblast (18)
Scrolls
 d - 8 scrolls of identify
 e - 4 scrolls of teleportation
 g - 3 scrolls of immolation
 i - a scroll of magic mapping
 j - 2 scrolls of blinking
 k - 3 scrolls of remove curse
 s - a scroll of fog
 u - a scroll of enchant armour
 y - a scroll of amnesia
Books
 h - a manual of Armour


   Skills:
 - Level 7.4 Fighting
 + Level 8.7 Armour
 - Level 1.5 Dodging
 - Level 1.5 Stealth
 + Level 2.4 Shields
 + Level 10.1 Spellcasting
 + Level 8.1(10.4) Conjurations
 + Level 2.5(4.4) Translocations


You had 22 spell levels left.
You knew the following spells:

 Your Spells              Type           Power        Failure   Level  Hunger
a - Magic Dart            Conj           ####         1%          1    N/A
b - Searing Ray           Conj           #####.       1%          2    N/A
c - Iskenderun's Mystic   Conj/Tloc      ####....     4%          4    N/A

Your spell library contained the following spells:

 Spells                   Type           Power        Failure   Level  Hunger
 Dazzling Flash           Conj/Hex       ####..       3%          3    N/A
 Summon Small Mammal      Summ           #...         10%         1    N/A
 Fulminant Prism          Conj/Hex       ####......   12%         4    N/A
 Call Imp                 Summ           #.......     14%         2    N/A
 Call Canine Familiar     Summ           #.......     28%         3    N/A
 Summon Guardian Golem    Hex/Summ       #.......     28%         3    N/A
 Bolt of Magma            Conj/Fire/Erth ###.......   54%         5    N/A
 Summon Ice Beast         Ice/Summ       #.......     67%         4    N/A
 Summon Lightning Spire   Summ/Air       #.......     67%         4    N/A
 Iron Shot                Conj/Erth      ####......   87%         6    N/A

Dungeon Overview and Level Annotations

Branches:
Dungeon (10/15)            Temple (1/1) D:6
   Lair: D:8-11         Orc: D:9-12

Altars:
Ashenzari
Gozag
Hepliaklqana
Ru
Trog
Uskayaw
Yredelemnul
The Shining One

Shops:
D:8 %

Annotations:
D:2 Jessica
D:3 exclusion: bullfrog
D:5 1 exclusion
D:6 1 runed translucent door, Kohma's ghost, novice DrIE
D:8 1 runed translucent door, exclusion: 2 gargoyles, anet's ghost, novice DEWz
D:9 exclusions: cyclops, door and sensed monster (detected)


Innate Abilities, Weirdness & Mutations

You do not eat or drink.
Your flesh is vulnerable to fire.
You are immune to poison.
Your flesh is cold resistant. (rC+)
You are immune to negative energy. (rN+++)
You are immune to unholy pain and torment.
You can survive without breathing.


Message History

Aim: a troll The searing ray hits the troll!
The troll is moderately wounded. (Press . to maintain the ray.)
The troll bites you. The troll claws you. The troll barely misses you.
The searing ray hits the troll!
The troll is heavily wounded.
The troll misses you. The troll claws you. The troll claws you!
* * * LOW HITPOINT WARNING * * *
The searing ray hits the troll.
The troll is heavily wounded.
The troll bites you but does no damage. The troll closely misses you.
The troll claws you!
* * * LOW HITPOINT WARNING * * *
Okay, then.
As you read the scroll of teleportation, it crumbles to dust.
You feel strangely unstable. The troll bites you!
* * * LOW HITPOINT WARNING * * *
The troll claws you!
You die...

.#, ,,, ,#....#....#......#..(##
.#,∆, #....#....#......#..(.# .#
* * #....#....#......#....# .#, 8
#....###..#......#....# .# ,,
##<....#..#.....##...(# ## ,{
#.....#..#.....#.....# ,, , , ,,,
#.....#..#.....#.....( , , ,
#.....#..####..#.....# ∆ ,
#....@#.....#..#.....# ,, *,,,{
∆#....T#.....#..#.....# * {,
##.....#.....#..#.....#
#####∆8∆∆##...>.>#.....##'#......
....######.......#..............#
######...........#..............#
#...........#.>............#
#...........#..............#
#...........#############...


You could see a troll.

Vanquished Creatures
  A two-headed ogre (D:9)
  A troll (D:9)
  A hippogriff (D:7)
  Prince Ribbit (D:8)
  A spriggan (D:9)
  A shadow (D:8)
  10 yaks
  Duvessa (D:6)
  A water moccasin (D:8)
  A black bear (D:8)
  3 orc warriors
  A sky beast (D:6)
  3 ice beasts
  A necrophage (D:7)
  4 ogres
  A wolf (D:10)
  4 centaurs
  A crocodile (D:9)
  7 bullfrogs
  A water moccasin zombie (D:5)
  Dowan (D:6)
  3 scorpions
  An electric eel (D:10)
  A howler monkey (D:7)
  5 crimson imps
  2 bullfrog zombies
  2 jellies
  5 hounds
  12 orc wizards
  Crazy Yiuf (D:5)
  A centaur skeleton (D:5)
  4 orc priests
  An iguana (D:8)
  5 worker ants
  2 hound zombies
  2 hound skeletons
  2 worker ant zombies
  6 gnolls
  11 adders
  2 shadow imps
  An adder zombie (D:5)
  2 adder skeletons
  5 worms
  3 dart slugs
  7 leopard geckos
  41 orcs
  6 giant cockroaches
  8 goblins
  6 hobgoblins
  16 jackals
  6 quokkas
  A bat (D:1)
  5 frilled lizards
  6 kobolds
  A leopard gecko zombie (D:7)
  A quokka skeleton (D:5)
  7 rats
  A bush (D:2)
237 creatures vanquished.

Notes
Turn   | Place    | Note
-------+----------+-------------------------------------------
     0 | D:1      | Eurus the Mummy Conjurer began the quest for the Orb.
     0 | D:1      | Reached XP level 1. HP: 13/13 MP: 4/4
   325 | D:1      | Reached XP level 2. HP: 20/20 MP: 3/5
   405 | D:1      | Reached skill level 3 in Spellcasting
   410 | D:1      | Learned a level 2 spell: Searing Ray
   800 | D:1      | Reached skill level 1 in Fighting
   868 | D:2      | Noticed Jessica
   920 | D:2      | Reached XP level 3. HP: 26/26 MP: 7/7
  1131 | D:2      | Found a shattered altar of Ashenzari.
  1135 | D:2      | Became a worshipper of Ashenzari the Shackled
  1712 | D:2      | Reached XP level 4. HP: 32/32 MP: 5/9
  1883 | D:2      | Found an opulent altar of Gozag.
  2251 | D:3      | Noticed a bullfrog
  2478 | D:3      | Reached skill level 4 in Spellcasting
  2478 | D:3      | Reached XP level 5. HP: 19/38 MP: 10/11
  3991 | D:4      | Reached XP level 6. HP: 37/46 MP: 12/12
  4119 | D:4      | Reached skill level 5 in Conjurations
  4178 | D:4      | Found a hazy altar of Hepliaklqana.
  4279 | D:4      | Found a sacrificial altar of Ru.
  4351 | D:4      | Reached * piety under Ashenzari
  4691 | D:5      | Entered Level 5 of the Dungeon
  4769 | D:5      | Reached skill level 1 in Armour
  4855 | D:5      | Reached skill level 5 in Spellcasting
  4943 | D:5      | Found a runed translucent door.
  4944 | D:5      | Noticed Crazy Yiuf
  4950 | D:5      | Killed Crazy Yiuf
  4950 | D:5      | Reached XP level 7. HP: 52/52 MP: 14/14
  6087 | D:6      | Found a runed translucent door.
  6198 | D:6      | Reached skill level 6 in Spellcasting
  6198 | D:6      | Reached XP level 8. HP: 43/61 MP: 15/17
  6292 | D:6      | Noticed Kohma's ghost (novice DrIE)
  6501 | D:6      | Reached ** piety under Ashenzari
  6755 | D:6      | Found a staircase to the Ecumenical Temple.
  6763 | D:6      | Noticed Duvessa
  6803 | D:6      | Noticed Dowan
  6806 | D:6      | Killed Duvessa
  6814 | D:6      | Killed Dowan
  6814 | D:6      | Reached skill level 5 in Fighting
  6989 | Temple   | Entered the Ecumenical Temple
  7309 | D:7      | Reached skill level 7 in Spellcasting
  7355 | D:7      | Learned a level 4 spell: Iskenderun's Mystic Blast
  7476 | D:7      | Found a glowing golden altar of the Shining One.
  7494 | D:7      | Noticed a hippogriff
  7518 | D:7      | Killed a hippogriff
  7518 | D:7      | Reached skill level 5 in Armour
  7669 | D:7      | Reached XP level 9. HP: 69/69 MP: 20/20
  7812 | D:7      | Reached skill level 8 in Spellcasting
  8025 | D:7      | Identified the Volume of Conjuration
  8667 | D:8      | Noticed anet's ghost (novice DEWz)
  8711 | D:8      | Found a runed translucent door.
  9066 | D:8      | Found a basalt altar of Yredelemnul.
  9177 | D:8      | Noticed a gargoyle
  9220 | D:8      | Reached *** piety under Ashenzari
  9256 | D:8      | Found a hide-covered altar of Uskayaw.
  9361 | D:8      | Reached skill level 9 in Spellcasting
  9361 | D:8      | Reached XP level 10. HP: 72/79 MP: 23/23
  9372 | D:8      | Noticed Prince Ribbit
  9377 | D:8      | Killed Prince Ribbit
  9475 | D:8      | Found Suynoc's Food Shoppe.
 10104 | D:9      | Reached skill level 1 in Shields
 10104 | D:9      | Reached skill level 1 in Translocations
 10238 | D:9      | Found a bloodstained altar of Trog.
 10853 | D:9      | Noticed a two-headed ogre
 10862 | D:9      | Killed a two-headed ogre
 10963 | D:9      | Reached skill level 10 in Spellcasting
 11061 | D:9      | Noticed a cyclops
 11291 | D:10     | Entered Level 10 of the Dungeon
 11291 | D:10     | Reached **** piety under Ashenzari
 11613 | D:9      | Slain by a troll

Levels and vault maps discovered:
D:1:      minmay_arrival_semitransparent, layout_rooms
D:2:      layout_basic, nicolae_ashenzari_panopticon,
          nicolae_gozag_seed_capital, serial_forest, infiniplex_forest_lined_3,
          infiniplex_forest_end_2, infiniplex_forest_lined_corner,
          infiniplex_forest_lined_2, infiniplex_forest_lined_2,
          grunt_decor_one_mirror, uniq_jessica
D:3:      layout_basic, columned_hall_lemuel
D:4:      layout_loops_ring, kennysheep_little_box,
          nicolae_overflow_crystal_walls
D:5:      minmay_general_purpose_star, layout_basic, first_ration,
          minmay_large_rounded_square, minmay_manual_mail,
          uniq_crazy_yiuf_cottage
D:6:      layout_basic, minmay_temple_entry_slanted, ebering_ghost_sewer_d,
          uniq_duvessa, uniq_pikel
D:7:      layout_cave_pods, lemuel_crystal_altar
D:8:      minmay_curly_fans, layout_basic, eat_drink_and_be_merry_uskayaw,
          yredelemnul_altar_generic, hellmonk_ghost_happy_afterlife,
          serial_shops, shop, uniq_prince_ribbit1
D:9:      layout_irregular_city, old_standard_altar, gammafunk_ghost_cemetery,
          grunt_pizzeria
D:10:     layout_basic, erik_lair_island, minmay_nine_imps
Temple:   eino_temple_water

Skill      XL: |  1  2  3  4  5  6  7  8  9 10 |
---------------+-------------------------------+-----
Spellcasting   | 3 4 5 6 7 9 10 | 10.1
Fighting       | 1 2 3 4 5 7 |  7.4
Conjurations   | 4 5 6 7 8 |  8.1
Armour         | 1 3 5 7 8 |  8.7
Shields        | 2 |  2.4
Translocations | 2 |  2.5
Dodging        | |  1.5
Stealth        | |  1.5

Action                   |  1- 3 |  4- 6 |  7- 9 | 10-12 || total
-------------------------+-------+-------+-------+-------++-------
Melee: Dagger            |   101 |    90 |    41 |    13 ||   245
       Unarmed           |     6 |       |       |       ||     6
 Cast: Magic Dart        |    34 |    29 |    66 |    43 ||   172
       Searing Ray       |     3 |    18 |    74 |    42 ||   137
Invok: Curse Item        |     1 |     1 |     2 |       ||     4
  Use: Scroll            |       |     8 |     3 |     2 ||    13
 Stab: Sleeping          |     1 |       |       |       ||     1
Armor: Robe              |    10 |    10 |     7 |       ||    27
       Leather armour    |       |       |    19 |    17 ||    36
Dodge: Dodged            |    42 |    74 |    71 |    46 ||   233

Table legend:
 A = Non-vault XP
 B = Vault XP
 C = Vault XP percentage of total XP
 D = Non-vault monster count
 E = Vault monster count
 F = Vault count percentage of total count
                 A         B        C        D         E       F
            +---------+---------+-------+---------+---------+-------
      Total |    8681 |    1495 |  14.7 |     217 |      19 |   8.1
            +---------+---------+-------+---------+---------+-------
        D:1 |      34 |       0 |   0.0 |      20 |       0 |   0.0
        D:2 |     111 |       0 |   0.0 |      30 |       0 |   0.0
        D:3 |     228 |       0 |   0.0 |      25 |       0 |   0.0
        D:4 |     142 |       0 |   0.0 |      16 |       0 |   0.0
        D:5 |     378 |     183 |  32.6 |       8 |       8 |  50.0
        D:6 |     979 |     238 |  19.6 |      30 |       2 |   6.2
        D:7 |    2056 |       0 |   0.0 |      23 |       0 |   0.0
        D:8 |    1945 |     632 |  24.5 |      38 |       5 |  11.6
        D:9 |    2503 |     287 |  10.3 |      19 |       2 |   9.5
       D:10 |     305 |     155 |  33.7 |       8 |       2 |  20.0
            +---------+---------+-------+---------+---------+-------
